 Dungeon Crawl Stone Soup version 0.30.0-29-ga12c61a403 (webtiles) character file.

Game seed: 10788464750307283785

66971 BONEBRO the Fencer (level 15, -1/138 HPs)
             Began as a Merfolk Gladiator on June 25, 2023.
             Was the Champion of Qazlal.
             Slain by a balrug
             ... wielding a +0 demon whip of venom
             ... summoned by Asterion
              (12 damage)
             ... on level 1 of the Elven Halls.
             The game lasted 00:58:07 (17968 turns).

BONEBRO the Fencer (Merfolk Gladiator)             Turns: 17968, Time: 00:58:09

Health: -1/138     AC: 11    Str: 23    XL:     15   Next: 21%
Magic:  0/18       EV: 30    Int:  3    God:    Qazlal [******]
Gold:   1933       SH:  8    Dex: 25    Spells: 14/14 levels left

rFire   + + .        B - +9 great sword of Gate Nust {freeze, rF+ rCorr}
rCold   + . .        (shield currently unavailable)
rNeg    + + .        o - +0 leather armour of the Old and Reckless {Rampage rElec rN++ Will+ Int-4}
rPois   .            c - +0 helmet
rElec   +            U - +0 cloak
rCorr   +            x - +1 pair of gloves
SInv    .            b - +0 pair of boots {Fly}
Will    ++...        A - amulet of guardian spirit Stlth
                     S - +6 ring of strength
HPRegen 0.43/turn    M - ring of protection from cold
MPRegen 0.16/turn

%: repel missiles, guardian spirit, rampage
@: berserking (expiring), lethally poisoned (-1 -> -7), protected from physical
damage, flying, slowed
A: (nimble swimmer 2), mertail, agile 1, fire resistance 1, frail 2, strong 1
a: Renounce Religion, Upheaval, Elemental Force, Disaster Area


You were on level 1 of the Elven Halls.
You worshipped Qazlal.
Qazlal was exalted by your worship.
You visited 4 branches of the dungeon, and saw 19 of its levels.
You also visited: Bailey.

You collected 2066 gold pieces.
You spent 133 gold pieces at shops.

Inventory:

Hand Weapons
 B - the +9 great sword of Gate Nust (weapon) {freeze, rF+ rCorr}
   (You found it on level 12 of the Dungeon)

   rF:        It protects you from fire.
   rCorr:     It protects you from acid and corrosion.
 J - a +1 great sword
 P - a +2 great sword of holy wrath
Missiles
 e - 7 javelins (quivered)
 H - 58 poisoned darts
 R - a curare-tipped dart
Armour
 b - a +0 pair of boots of flying (worn)
 c - a +0 helmet (worn)
 o - the +0 leather armour of the Old and Reckless (worn) {Rampage rElec rN++ Will+ Int-4}
   (You found it in a bailey)

   Int:       It affects your intelligence (-4).
   rElec:     It insulates you from electricity.
   rN:        It greatly protects you from negative energy.
   Rampage:   It bestows one free step when moving towards enemies.
   Will:      It increases your willpower.
 r - the +2 leather armour of the Exiled Lovers {+Blink rF+ Int+5}
   (You found it on level 2 of the Dungeon)

   Int:       It affects your intelligence (+5).
   rF:        It protects you from fire.
   +Blink:    It lets you blink.
 x - a +1 pair of gloves (worn)
 U - a +0 cloak (worn)
 Z - the +1 ring mail of Hopscotch {Drain rPois Regen+ Dex-2}
   (You found it on level 15 of the Dungeon)

   Dex:       It affects your dexterity (-2).
   rPois:     It protects you from poison.
   Regen:     It increases your rate of health regeneration.
   Drain:     It drains your maximum health when unequipped.
Jewellery
 d - a ring of willpower
 A - an amulet of guardian spirit (around neck)
 M - a ring of protection from cold (right hand)
 S - a +6 ring of strength (left hand)
 T - an amulet of reflection
 V - the amulet of Starshine {Will+ Regen+ Int+3 Stlth+}
   (You found it on level 11 of the Dungeon)

   [amulet of regeneration]

   Int:       It affects your intelligence (+3).
   Regen:     It increases your rate of health regeneration.
   Will:      It increases your willpower.
   Stlth:     It makes you more stealthy.
 X - a ring of protection from fire
Wands
 q - a wand of paralysis (29)
 z - a wand of flame (36)
 C - a wand of mindburst (24)
 G - a wand of iceblast (11)
 N - a wand of digging (6)
 O - a wand of acid (3)
Scrolls
 g - a scroll of noise
 h - 3 scrolls of enchant armour
 j - 2 scrolls of fog
 l - a scroll of silence
 n - 4 scrolls of amnesia
 s - 3 scrolls of brand weapon
 t - 4 scrolls of teleportation
 v - 2 scrolls of poison {unknown}
 y - a scroll of butterflies
 E - 4 scrolls of vulnerability
 F - 3 scrolls of immolation
 K - a scroll of magic mapping
 Y - a scroll of enchant weapon {unknown}
Potions
 f - 9 potions of lignification
 i - 10 potions of curing
 k - 3 potions of attraction
 m - 8 potions of flight
 p - a potion of might {unknown}
 u - a potion of resistance {unknown}
 w - 5 potions of mutation
 D - 4 potions of ambrosia
 I - 2 potions of invisibility
 L - 4 potions of brilliance
 Q - a potion of berserk rage
Miscellaneous
 a - a lightning rod (4/4)


   Skills:
 - Level 10.0 Fighting
 - Level 20.0 Long Blades
 - Level 2.0 Throwing
 - Level 20.0 Dodging
 * Level 4.8 Invocations
 + Level 9.6 Evocations


You had 14 spell levels left.
You didn't know any spells.
Your spell library contained the following spells:

 Spells                   Type           Power      Damage    Failure   Level
 Foxfire                  Conj/Fire      0%         2x1d4     56%         1
 Freeze                   Ice            0%         1d3       56%         1
 Slow                     Hex            0%         N/A       56%         1
 Cigotuvi's Dreadful Rot  Necr/Pois/Air  0%         N/A       71%         2
 Scorch                   Fire           0%         2d5       71%         2
 Sublimation of Blood     Necr           0%         N/A       71%         2
 Confusing Touch          Hex            0%         N/A       91%         3
 Dazzling Flash           Conj/Hex       0%         N/A       91%         3
 Frozen Ramparts          Ice            0%         1d1       91%         3
 Hailstorm                Conj/Ice       0%         3d3       91%         3
 Ignite Poison            Fire/Tmut/Pois 0%         N/A       91%         3
 Vampiric Draining        Necr           0%         2d6       91%         3
 Vhi's Electric Charge    Tloc/Air       0%         N/A       91%         3
 Volatile Blastmotes      Fire/Tloc      0%         2d10      91%         3
 Flame Wave               Conj/Fire      0%         2d4       100%        4
 Iskenderun's Mystic Bla  Conj/Tloc      0%         2d3       100%        4
 Petrify                  Tmut/Erth      0%         N/A       100%        4
 Sticky Flame             Conj/Fire      0%         2d3       100%        4
 Arcjolt                  Conj/Air       0%         1d10      100%        5
 Fireball                 Conj/Fire      0%         3d3       100%        5
 Irradiate                Conj/Tmut      0%         3d11      100%        5
 Eringya's Noxious Bog    Tmut/Pois      0%         N/A       100%        6
 Plasma Beam              Fire/Air       0%         2x1d11    100%        6
 Starburst                Conj/Fire      0%         6d3       100%        6
 Summon Cactus Giant      Summ           0%         N/A       100%        6
 Ozocubu's Refrigeration  Ice            0%         4d7       100%        7
 Ignition                 Fire           0%         3d3       100%        8
 Maxwell's Capacitive Co  Air            0%         ∞         100%        8


Dungeon Overview and Level Annotations

Branches:
Dungeon (15/15)            Temple (1/1) D:6            Lair (0/5) D:9
    Orc (2/2) D:11            Elf (1/3) Orc:2        Vaults (0/5) D:13
 Depths (0/4) D:15         Bailey (visited)

Altars:
Ashenzari
Cheibriados
Dithmenos
Elyvilon
Fedhas
Gozag
Hepliaklqana
Kikubaaqudgha
Makhleb
Nemelex Xobeh
Okawaru
Qazlal
Ru
Sif Muna
Trog
Uskayaw
Vehumet
Wu Jian
Xom
Yredelemnul
Zin
The Shining One

Shops:
D:11 *[((?   Orc:2 (!!*

Portals:
Bazaar: D:15

Annotations:
Elf:1 Asterion


Innate Abilities, Weirdness & Mutations

((You are very nimble when in or above water. (Stealth+, EV+, Speed+++)))
Your lower body shifts to a powerful aquatic tail in water.
You are agile. (Dex +4, Str/Int -1)
Your flesh is heat resistant. (rF+)
You are very frail. (-20% HP)
Your muscles are strong. (Str +4, Int/Dex -1)


Message History

You feel sick.
The +0 spectral demon trident completely misses you.
You block the balrug's attack.
Asterion is engulfed in freezing vapours.
Asterion hits you with a +0 spectral demon trident.
You block the +0 spectral demon trident's attack.
Asterion gores you.
You feel more protected from physical attacks.
The +0 spectral demon trident is engulfed in a thunderstorm.
Asterion shares his spectral weapon's damage!
The deep elf knight is engulfed in blazing flames.
You kill the deep elf knight!
Qazlal accepts your kill. Asterion blocks your attack.
Asterion is heavily wounded.
You feel sick. The +0 spectral demon trident hits you!
* * * LOW HITPOINT WARNING * * *
Asterion is engulfed in freezing vapours.
Asterion closely misses you.
The +0 spectral demon trident hits you but does no damage.
Asterion misses you.
The +0 spectral demon trident is engulfed in a thunderstorm.
Asterion shares his spectral weapon's damage!
The balrug gestures at you. The sticky flame misses you.
You hear a sizzling sound!
Unknown command.
You hit Asterion. You freeze Asterion.
Asterion is heavily wounded.
You feel sick.
The +0 spectral demon trident closely misses you.
The +0 spectral demon trident completely misses you.
Asterion is engulfed in freezing vapours.
Asterion hits you with a +0 spectral demon trident!
* * * LOW HITPOINT WARNING * * *
The +0 spectral demon trident hits you!
* * * LOW HITPOINT WARNING * * *
Asterion completely misses you.
The balrug hits you with a +0 demon whip of venom!
You die...

##.....##
.########)########.
......#.....#......
......#.)...#.....#
...⌠..'.....'..⌠..#
......#..<[[#.....#
......#..[§○#......
.########)H.######.
##...@(.# #..°○2#.#
#.☼⌠.§# #...).#
#.....# ........
........#.#
........'..
........#...


You could see Asterion (fast), a balrug (summoned) and a +0 spectral demon
trident.

Vanquished Creatures
  Frances (D:12)
  An orc warlord (Orc:2)
  Josephine (D:15)
  A vault guard (D:13)
  An entropy weaver (shapeshifter) (D:15)
  3 hydras
  An ogre mage (D:15)
  9 centaur warriors
  3 boulder beetles
  12 two-headed ogres
  A dancing weapon (Elf:1)
  2 tengu warriors
  3 orc high priests (Orc:2)
  A deep elf knight (Elf:1)
  A skeletal warrior (D:13)
  A deep troll (D:15)
  A necromancer (D:15)
  A wizard (D:15)
  4 deep elf zephyrmancers
  4 orc knights (Orc:2)
  5 orc sorcerers
  8 deep elf pyromancers
  2 cyclopes
  3 manticores
  A moth of wrath (shapeshifter) (D:15)
  15 ugly things
  A cyclops (shapeshifter) (D:13)
  Maurice (Orc:1)
  A cane toad (shapeshifter) (D:13)
  3 gargoyles (D:13)
  5 unseen horrors
  4 yaktaurs (D:15)
  2 tengu conjurers
  4 meliai
  A meliai (shapeshifter) (D:15)
  A polar bear (shapeshifter) (D:13)
  2 hornets
  5 trolls
  9 slime creatures
  3 shadows
  Sigmund (D:6)
  14 yaks
  7 wraiths
  12 vampire mosquitoes
  3 steam dragons
  A warg (Orc:2)
  An acid dragon (D:9)
  3 water moccasins
  24 orc warriors
  An ice beast (D:5)
  12 centaurs
  4 ogres
  2 wolves (D:9)
  4 boggarts (D:13)
  2 phantoms
  6 kobold brigands
  4 bullfrogs
  A gnoll sergeant (D:7)
  4 scorpions
  An earth elemental (Orc:2)
  19 wights
  6 killer bees
  An electric eel (D:11)
  6 howler monkeys
  3 jellies
  A quasit (D:5)
  9 hounds
  9 orc priests
  A sleepcap (D:8)
  Natasha (thrice) (D:2)
  4 iguanas
  15 orc wizards
  6 gnolls
  4 adders
  5 shadow imps
  2 white imps (D:5)
  4 ufetubi
  2 worms
  6 dart slugs
  43 orcs
  6 endoplasms
  3 giant cockroaches
  9 hobgoblins
  41 kobolds
  5 quokkas
  8 ball pythons
  6 bats
  A frilled lizard (D:1)
  11 goblins
  4 rats
478 creatures vanquished.

Vanquished Creatures (others)
  A deep elf pyromancer (Elf:1)
1 creature vanquished.

Grand Total: 479 creatures vanquished

Notes
Turn   | Place    | Note
-------+----------+-------------------------------------------
     0 | D:1      | BONEBRO the Merfolk Gladiator began the quest for the Orb.
     0 | D:1      | Reached XP level 1. HP: 16/16 MP: 1/1
   143 | D:1      | Reached XP level 2. HP: 21/22 MP: 2/2
   527 | D:1      | Reached XP level 3. HP: 23/27 MP: 3/3
   530 | D:1      | Reached skill level 5 in Long Blades
   911 | D:2      | Identified the +2 leather armour of the Exiled Lovers
                  | {+Blink rF+ Int+5}
   985 | D:2      | Noticed Natasha
   996 | D:2      | Killed Natasha
   997 | D:2      | Reached XP level 4. HP: 25/33 MP: 4/4
  1051 | D:2      | Found a faded altar of an unknown god.
  1159 | D:2      | Noticed Natasha
  1175 | D:2      | Killed Natasha
  1685 | D:2      | Noticed Natasha
  1690 | D:2      | Killed Natasha
  1691 | D:2      | Reached XP level 5. HP: 38/38 MP: 5/5
  2188 | D:3      | Identified the staff of earth "Bebbuep" {Int+3}
  2603 | D:4      | Reached XP level 6. HP: 43/44 MP: 4/6
  3078 | D:5      | Entered Level 5 of the Dungeon
  3180 | D:5      | Noticed an ice beast
  3193 | D:5      | Reached XP level 7. HP: 26/50 MP: 4/7
  3343 | D:5      | Reached skill level 10 in Long Blades
  3544 | D:5      | Reached skill level 5 in Fighting
  3544 | D:5      | Reached XP level 8. HP: 39/62 MP: 8/8
  3822 | D:5      | Reached skill level 5 in Dodging
  3966 | D:6      | Found a staircase to the Ecumenical Temple.
  3976 | Temple   | Entered the Ecumenical Temple
  4099 | Temple   | Became a worshipper of Qazlal Stormbringer
  4183 | D:6      | Noticed Sigmund
  4237 | D:6      | Killed Sigmund
  4464 | D:6      | Found an ancient bone altar of Kikubaaqudgha.
  4964 | D:6      | Found a blossoming altar of Fedhas.
  5079 | D:6      | Found a glowing golden altar of the Shining One.
  5514 | D:7      | Reached skill level 10 in Dodging
  5514 | D:7      | Reached XP level 9. HP: 57/68 MP: 7/9
  5687 | D:7      | Reached * piety under Qazlal
  5955 | D:7      | Noticed a hornet
  5971 | D:7      | Killed a hornet
  6017 | D:7      | Reached skill level 10 in Fighting
  6022 | D:7      | Reached XP level 10. HP: 73/85 MP: 7/10
  6712 | D:8      | You fall into a shaft and drop 1 floor!
  6869 | D:8      | Reached ** piety under Qazlal
  7469 | D:8      | Noticed a two-headed ogre
  7482 | D:8      | Killed a two-headed ogre
  7887 | D:9      | Found a bloodstained altar of Trog.
  7889 | D:9      | Found an ornate altar of the Wu Jian Council.
  7943 | D:9      | Reached skill level 15 in Dodging
  7977 | D:9      | Reached XP level 11. HP: 90/90 MP: 11/11
  8061 | D:9      | Found a staircase to the Lair.
  8065 | D:9      | Noticed a two-headed ogre
  8103 | D:9      | Killed a two-headed ogre
  8672 | D:9      | Found a hide-covered altar of Uskayaw.
  8827 | D:10     | Entered Level 10 of the Dungeon
  8832 | D:10     | Found a flagged portal.
  8843 | Bailey   | Entered a bailey
  8871 | Bailey   | Reached *** piety under Qazlal
  8912 | Bailey   | Identified the +0 war axe of Eneytul {antimagic, rC+ SInv}
  9103 | Bailey   | Got the Directory of Brumal Corruption
  9132 | Bailey   | Identified the +0 leather armour of the Old and Reckless
                  | {Rampage rElec rN++ Will+ Int-4}
  9226 | D:10     | Noticed a manticore
  9255 | D:10     | Killed a manticore
  9645 | D:10     | Noticed a two-headed ogre
  9661 | D:10     | Killed a two-headed ogre
  9661 | D:10     | Reached **** piety under Qazlal
  9710 | D:10     | Found a shimmering altar of Xom.
  9712 | D:10     | Found a shimmering altar of Xom.
  9712 | D:10     | Found a shimmering altar of Xom.
  9714 | D:10     | Found a shimmering altar of Xom.
  9714 | D:10     | Found a shimmering altar of Xom.
  9972 | D:10     | Noticed a two-headed ogre
  9976 | D:10     | Killed a two-headed ogre
 10386 | D:11     | Reached skill level 15 in Long Blades
 10386 | D:11     | Reached XP level 12. HP: 97/97 MP: 12/12
 10444 | D:11     | Found Leohit's Antique Weapon Emporium.
 10486 | D:11     | Found Omozann's Weapon Emporium.
 10552 | D:11     | Found a staircase to the Orcish Mines.
 10582 | D:11     | Found Capn's General Store.
 10584 | D:11     | Identified the amulet of Starshine {Will+ Regen+ Int+3
                  | Stlth+}
 10587 | D:11     | Bought a scroll of brand weapon for 133 gold pieces
 10631 | D:11     | Found Izusucs's Armour Shop.
 11114 | D:11     | Found Ore Opha's Magic Scroll Emporium.
 11231 | D:12     | Noticed a two-headed ogre
 11285 | D:12     | Killed a two-headed ogre
 11353 | D:12     | Identified the +9 great sword of Gate Nust {freeze, rF+
                  | rCorr}
 11398 | D:12     | Noticed a boulder beetle
 11399 | D:12     | Noticed a two-headed ogre
 11405 | D:12     | Noticed Frances
 11605 | D:12     | Killed a boulder beetle
 11691 | D:12     | HP: 3/97 [rust devil[Frances] (5)]
 11694 | D:12     | Noticed a sun demon
 11700 | D:12     | Killed Frances
 11807 | D:12     | Killed a two-headed ogre
 11823 | D:12     | Reached ***** piety under Qazlal
 12058 | D:12     | Noticed a two-headed ogre
 12065 | D:12     | Killed a two-headed ogre
 12568 | D:13     | Noticed a tengu warrior
 12569 | D:13     | Noticed a tengu warrior
 12647 | D:14     | Reached XP level 13. HP: 15/103 MP: 3/13
 13227 | D:14     | Found a broken altar of Ashenzari.
 14304 | D:15     | Entered Level 15 of the Dungeon
 14347 | D:15     | Identified the +1 ring mail of Hopscotch {Drain rPois
                  | Regen+ Dex-2}
 14394 | D:15     | Found a staircase to the Depths.
 14592 | D:15     | Noticed Josephine
 14604 | D:15     | Killed Josephine
 14605 | D:15     | Reached XP level 14. HP: 102/110 MP: 12/14
 14673 | D:15     | Found a gateway to a bazaar.
 15457 | D:15     | Gained mutation: Your flesh is heat resistant. (rF+)
                  | [potion of mutation]
 15457 | D:15     | Gained mutation: Your muscles are strong. (Str +4, Int/Dex
                  | -1) [potion of mutation]
 15457 | D:15     | Gained mutation: You are agile. (Dex +4, Str/Int -1)
                  | [potion of mutation]
 15727 | D:13     | Reached skill level 1 in Evocations
 15788 | D:13     | Found a gate to the Vaults.
 16186 | D:13     | Reached skill level 5 in Evocations
 16223 | D:13     | Reached ****** piety under Qazlal
 16345 | D:13     | Identified the +2 robe of the Hanged Man {Str+4}
 16697 | Orc:1    | Entered Level 1 of the Orcish Mines
 16698 | Orc:1    | Noticed Maurice
 16705 | Orc:1    | Killed Maurice
 16814 | Orc:2    | Entered Level 2 of the Orcish Mines
 16910 | Orc:2    | Found a staircase to the Elven Halls.
 16910 | Orc:2    | Noticed an orc warlord
 16962 | Orc:2    | Killed an orc warlord
 17285 | Orc:2    | Reached XP level 15. HP: 63/115 MP: 15/15
 17503 | Orc:2    | Found Mophupuu's Distillery.
 17503 | Orc:2    | Found Gatt's Weapon Shoppe.
 17507 | Orc:2    | Found Irel's Assorted Antiques.
 17507 | Orc:2    | Found Rupaov's Distillery.
 17704 | Elf:1    | Entered Level 1 of the Elven Halls
 17715 | Elf:1    | Reached skill level 1 in Invocations
 17739 | Elf:1    | Noticed Asterion
 17940 | Elf:1    | Gained mutation: You are frail. (-10% HP) [a cacodemon]
 17956 | Elf:1    | Gained mutation: You are very frail. (-20% HP) [a
                  | cacodemon]
 17963 | Elf:1    | Noticed a balrug
 17968 | Elf:1    | Slain by a balrug

Illustrated notes

Levels and vault maps discovered:
D:1:      arrival_zaba_pyramid, layout_loops_ring
D:2:      layout_loops_ring, shapermc_ecumenical_altar_mp_highgroup,
          uniq_natasha
D:3:      layout_loops_ring, grunt_decor_mini_mirrors,
          chequers_serial_rivers_small_3, kennysheep_generic_room_6
D:4:      layout_cave_pools, serial_bayou_lagoon_a
D:5:      layout_rooms, serial_demonic, serial_demonic_e, serial_demonic_a,
          serial_demonic_g, serial_demonic_b, serial_demonic_d,
          serial_demonic_b, minmay_misc_feat_cross, cheibrodos_gnoll_hut
D:6:      layout_loops_corners, mainiacjoe_overflow_24_doors,
          nicolae_tso_carved_into_rock, fedhas_altar_2,
          minmay_temple_entry_junction, uniq_sigmund
D:7:      layout_rooms, serial_glass, glass_columns_b, glass_columns_c,
          glass_columns_b, glass_columns_b
D:8:      layout_loops_corners, grunt_tough_drop
D:9:      layout_irregular_city, kennysheep_mini,
          nicolae_overflow_hidden_temple, erik_lair_island, minivault_5,
          minmay_liquid_box
D:10:     layout_irregular_city, xom_redecorated, enter_bailey_4,
          kennysheep_generic_room_4
D:11:     layout_roguey, david_orc_2, serial_shops,
          nicolae_shop_bloodbath_and_beyond, nicolae_shop_tiny_statue_garden,
          shop, shop, nicolae_shop_trees, water_boxes_lemuel
D:12:     layout_irregular_city, uniq_frances
D:13:     layout_rooms, david_vaults_5, minmay_alternating_orb
D:14:     layout_loops_corners, minmay_misc_feat_room, serial_co_window_serial,
          co_window_paths_a, co_window_paths_a, co_window_paths_a,
          co_window_paths_b, co_window_corner_a, co_window_corner_a,
          co_window_paths_a, co_window_corner_cb, co_window_broadway_a,
          co_window_2corner, co_window_cross_4, co_window_of_opportunity_b,
          co_window_unsneaky_path_c, co_window_paths_d, glass_columns_c,
          glass_columns_a, cheibrodos_ashenzari_chains
D:15:     hangedman_depths_entry_civil_slaughter, layout_loops_ring,
          dreamdust_princess_bridge, serial_shops, bzr_in_the_mist,
          hangedman_decor_push, uniq_josephine
Temple:   nicolae_temple_bog_church
Orc:1:    layout_caves, uniq_maurice
Orc:2:    st_orc_elflike, layout_diamond_mine
Elf:1:    minmay_elf_arrival_plus, layout_gridlike, minmay_elf_demonology,
          nicolae_elf_big_sculpture_1, lemuel_upstairs_altar, uniq_asterion

Skill      XL: |  1  2  3  4  5  6  7  8  9 10 11 12 13 14 15 |
---------------+----------------------------------------------+-----
Long Blades    | 4 5 6 7 9 10 15 18 20 | 20.0
Fighting       | 5 10 | 10.0
Dodging        | 10 15 18 20 | 20.0
Evocations     | 9 |  9.6
Invocations    | 4 |  4.8
Throwing       | |  2.0

Action                     |  1- 3 |  4- 6 |  7- 9 | 10-12 | 13-15 || total
---------------------------+-------+-------+-------+-------+-------++-------
  Melee: Long sword        |    93 |   196 |   187 |       |       ||   476
         Tailslap          |       |     3 |       |     7 |       ||    10
         Punch             |       |     1 |     1 |       |       ||     2
         Great sword       |       |       |   121 |   585 |   470 ||  1176
  Throw: Throwing net      |       |     3 |     2 |     5 |       ||    10
         Javelin           |       |       |       |     8 |     6 ||    14
         Dart              |       |       |       |     5 |       ||     5
  Evoke: Wand              |       |       |       |     1 |     1 ||     2
         Lightning rod     |       |       |       |       |     2 ||     2
    Use: Scroll            |       |     3 |     5 |    14 |     8 ||    30
         Potion            |       |       |       |     3 |     6 ||     9
   Stab: Held in net/web   |       |     2 |       |     2 |       ||     4
         Sleeping          |       |     5 |       |       |       ||     5
         Distracted        |       |       |     1 |       |       ||     1
 Armour: Leather armour    |    19 |    86 |   115 |   103 |    49 ||   372
  Dodge: Dodged            |    67 |   170 |   284 |   558 |   387 ||  1466
         Repelled          |       |       |       |     2 |     3 ||     5
  Block: Other             |       |       |     2 |   111 |   116 ||   229
